 Dungeon Crawl Stone Soup version 0.31-a0-210-gccc998df9b (webtiles) character file.

Game seed: 1314592220399223512

98292 Gargoyl the Severer (level 16, -5/162 HPs)
             Began as a Gargoyle Berserker on June 30, 2023.
             Was an Elder of Trog.
             Killed from afar by an ancient lich (60 damage)
             ... with a crystal spear
             ... on level 3 of the Abyss.
             The game lasted 00:26:34 (16887 turns).

Gargoyl the Severer (Gargoyle Berserker)           Turns: 16887, Time: 00:26:34

Health: -5/162     AC: 33    Str: 24    XL:     16   Next: 22%
Magic:  16/16      EV: 16    Int:  7    God:    Trog [****..]
Gold:   1715       SH:  0    Dex: 15    Spells: 15/15 levels left

rFire   . . .        u - +2 hand axe (drain)
rCold   . . .        (no shield)
rNeg    + + .        C - +0 acid dragon scales
rPois   ∞            k - +2 helmet
rElec   +            L - +0 cloak
rCorr   +            z - +2 pair of gloves
SInv    .            r - +2 pair of boots
Will    +++..        j - amulet of regeneration Stlth
                     d - ring of resist corrosion
HPRegen 2.27/turn    t - ring of positive energy
MPRegen 0.15/turn

%: no passive effects
@: berserking (expiring), strong-willed, flying, regenerating, very quick
A: sickness immunity, AC +12, big wings, negative energy resistance 1,
electricity resistance, torment resistance 1, petrification resistance
a: Renounce Religion, Berserk, Trog's Hand, Brothers in Arms


You were on level 3 of the Abyss.
You worshipped Trog.
Trog was greatly pleased with you.
You visited 2 branches of the dungeon, and saw 19 of its levels.
You visited the Abyss 1 time.
You also visited: Sewer.

You collected 1715 gold pieces.

Inventory:

Hand Weapons
 u - a +2 hand axe of draining (weapon)
 I - a +3 scimitar of flaming
Missiles
 l - 71 poisoned darts (quivered)
 D - a throwing net
Armour
 k - a +2 helmet (worn)
 r - a +2 pair of boots (worn)
 z - a +2 pair of gloves (worn)
 C - +0 acid dragon scales (worn)
 L - a +0 cloak (worn)
Jewellery
 d - a ring of resist corrosion (left hand)
 j - an amulet of regeneration (around neck)
 s - a ring of willpower
 t - a ring of positive energy (right hand)
 E - a ring of see invisible
 F - a ring of protection from fire
 N - a ring of protection from fire
Wands
 a - a wand of flame (19)
 c - a wand of digging (10)
 h - a wand of charming (11)
 v - a wand of iceblast (29)
 B - a wand of polymorph (22)
Scrolls
 w - 6 scrolls of teleportation
 x - 3 scrolls of fog
 y - 3 scrolls of poison
 H - a scroll of identify
 J - a scroll of fear
 K - 2 scrolls of blinking
Potions
 f - a potion of cancellation
 g - a potion of enlightenment
 i - 3 potions of curing
 n - a potion of berserk rage
 o - 6 potions of invisibility
 p - 2 potions of resistance
 q - a potion of haste
 G - 3 potions of might


   Skills:
 + Level 15.0 Fighting
 + Level 2.9 Long Blades
 + Level 15.3(15.5) Axes
 + Level 2.9(10.4) Polearms
 + Level 1.1 Throwing
 + Level 11.6 Armour
 + Level 10.1 Dodging
 + Level 6.3 Stealth


You had 15 spell levels left.
You didn't know any spells.
Your spell library was empty.

Dungeon Overview and Level Annotations

Branches:
Dungeon (14/15)            Temple (0/1) D:6            Lair (5/5) D:10
  Swamp (0/4) Lair:2       Spider (0/4) Lair:2        Slime (0/5) Lair:5
    Orc (0/2) D:11         Vaults (0/5) D:13          Sewer (visited)

Altars:
Cheibriados
Dithmenos
Elyvilon
Nemelex Xobeh
Qazlal
Sif Muna
Vehumet
Wu Jian
Zin
Jiyva

Annotations:
D:13 2 transporters, Ulid's ghost, journeyman DsFE


Innate Abilities, Weirdness & Mutations

You are immune to sickness and miasma.
Your stone body is resilient. (AC +12)
You are immune to poison.
Your large and strong wings let you fly.
You resist negative energy. (rN+)
You are resistant to electric shocks. (rElec)
You are resistant to unholy torment.
You are immune to petrification.


Message History

You slash something!
Something touches you but does no damage.
You hit something.
Something touches you but does no damage.
You hit something but do no damage. You hit something but do no damage.
Something touches you but does no damage.
You slash something!
You hear some strange, mumbled words.
A crystal spear appears from out of thin air!
The crystal spear hits you!!!
You hit something but do no damage. You hit something but do no damage.
Your punch misses something.
You hear some strange, mumbled words.
A bolt of acid appears from out of thin air!
The bolt of acid hits you!!! You resist.
You miss something. Something barely misses you.
You barely miss something. You slash something!
Something touches you but does no damage.
You hit something but do no damage. Your punch misses something.
You closely miss something.
Something touches you but does no damage.
You completely miss something. You miss something.
Something completely misses you.
You closely miss something.
Something touches you but does no damage.
You closely miss something. You hit something.
You hear some strange, mumbled words.
A bolt of acid appears from out of thin air!
The bolt of acid hits you! You resist.
You slash something! You slash something! Your punch misses something.
Something barely misses you.
You barely miss something. Something barely misses you.
You hit something but do no damage.
You hear some strange, mumbled words.
A crystal spear appears from out of thin air!
The crystal spear hits you!!!
You die...

. . # # # ..
# #.. # . .
.. ..### .#.
. #. ....#
####. #
......#.#...#
. #.......###
. .#. .
...##.#.# . .
. . . .##@.#
. .. .#.#.
.##{### .
#.... #...
...#.#.#.###
.#.# ...# # .
.# ..# # . .
#.#.# . . ..
.# #.


There were no monsters in sight!

Vanquished Creatures
  Rupert (D:13)
  Kirke (D:13)
  Josephine (D:13)
  An ogre mage (D:13)
  A centaur warrior (D:13)
  6 hydras
  5 two-headed ogres
  3 anacondas (Lair:4)
  10 death yaks
  2 boulder beetles (D:12)
  Sonja (Lair:5)
  Amaemon (D:9)
  A skyshark (Lair:5)
  Lodul (D:11)
  Pikel (D:5)
  An ugly thing (D:13)
  2 oklob plants (Lair:5)
  3 cyclopes
  8 elephants
  Maurice (D:13)
  6 black mambas
  An orange demon (D:9)
  A torpor snail (Lair:4)
  11 cane toads
  3 kobold demonologists (D:13)
  3 rime drakes
  9 komodo dragons
  6 polar bears
  Prince Ribbit (D:9)
  5 hornets
  6 trolls
  8 dream sheep
  Sigmund (D:3)
  5 slime creatures (D:12)
  14 spriggans (Lair:5)
  2 vampires
  3 shadows
  3 hogs (D:13)
  3 wraiths
  5 wyverns
  3 steam dragons
  38 yaks
  6 basilisks
  9 vampire mosquitoes
  A warg (shapeshifter) (D:13)
  4 acid dragons
  19 water moccasins
  3 orc warriors
  2 sky beasts
  3 black bears
  An ice beast (D:6)
  7 ogres (D:11)
  15 wolves
  2 boggarts (Lair:5)
  2 centaurs
  A phantom (D:11)
  A lemure (D:5)
  9 kobold brigands
  A gnoll sergeant (D:6)
  7 scorpions
  8 bullfrogs
  19 wights
  4 howler monkeys
  7 crimson imps (D:9)
  A jelly (D:5)
  4 hounds
  7 orc priests
  2 sleepcaps
  3 gnoll boudas
  3 iguanas
  7 orc wizards
  4 ogre zombies (D:11)
  18 gnolls
  8 adders
  5 white imps
  An ufetubus (D:5)
  6 worms
  A dart slug (D:1)
  33 orcs
  12 endoplasms
  12 giant cockroaches
  7 goblins
  5 hobgoblins
  11 jackals
  3 quokkas
  8 ball pythons
  12 bats
  4 frilled lizards
  2 goblin skeletons (D:11)
  2 goblin zombies (D:11)
  4 hobgoblin zombies (D:11)
  36 kobolds
  An orc skeleton (D:11)
  12 orc zombies (D:11)
  10 rats
563 creatures vanquished.

Vanquished Creatures (collateral kills)
  A hydra (Lair:2)
  A centaur warrior (D:13)
  A death yak (D:10)
  A hornet (Lair:5)
  3 wraiths (D:13)
  A vampire mosquito (D:13)
  A two-headed ogre zombie (D:11)
  A black bear (Lair:5)
  A wolf (Lair:5)
  A phantom (D:11)
  A troll zombie (D:11)
  2 ogre zombies (D:11)
  A goblin skeleton (D:11)
  A goblin zombie (D:11)
  A hobgoblin zombie (D:11)
  An orc zombie (D:11)
19 creatures vanquished.

Vanquished Creatures (others)
  A lurking horror (Abyss:3)
1 creature vanquished.

Grand Total: 583 creatures vanquished

Notes
Turn   | Place    | Note
-------+----------+-------------------------------------------
     0 | D:1      | Gargoyl the Gargoyle Berserker began the quest for the Orb.
     0 | D:1      | Reached XP level 1. HP: 14/14 MP: 1/1
    30 | D:1      | Reached XP level 2. HP: 19/19 MP: 2/2
   175 | D:1      | Reached XP level 3. HP: 23/23 MP: 3/3
   231 | D:1      | Reached ** piety under Trog
   618 | D:2      | Reached XP level 4. HP: 26/29 MP: 4/4
   764 | D:2      | Identified the +1 leather armour "Xuheegg" {rC+}
  1016 | D:2      | Reached skill level 1 in Stealth
  1066 | D:2      | Found a faded altar of an unknown god.
  1241 | D:3      | Reached XP level 5. HP: 32/33 MP: 5/5
  1606 | D:3      | Found a glowing drain.
  1634 | Sewer    | Entered a sewer
  1653 | Sewer    | Noticed a kobold brigand
  1666 | Sewer    | Killed a kobold brigand
  1667 | Sewer    | Reached XP level 6. HP: 35/39 MP: 6/6
  1796 | Sewer    | Reached *** piety under Trog
  2036 | D:3      | Noticed Sigmund
  2049 | D:3      | Killed Sigmund
  2050 | D:3      | Reached skill level 5 in Axes
  2050 | D:3      | Reached XP level 7. HP: 44/44 MP: 7/7
  2109 | D:3      | Reached skill level 5 in Fighting
  3217 | D:5      | Entered Level 5 of the Dungeon
  3242 | D:5      | Reached XP level 8. HP: 36/50 MP: 8/8
  3577 | D:5      | Found a stormy altar of Qazlal.
  3963 | D:5      | HP: 2/51 [centaur/arrow (13)]
  3970 | D:5      | Noticed Pikel
  4003 | D:5      | Killed Pikel
  4004 | D:5      | Reached XP level 9. HP: 48/56 MP: 9/9
  4098 | D:5      | Found a shimmering blue altar of Sif Muna.
  4267 | D:5      | Reached skill level 5 in Armour
  4561 | D:6      | Reached **** piety under Trog
  5240 | D:6      | Found a staircase to the Ecumenical Temple.
  5887 | D:7      | Reached XP level 10. HP: 63/63 MP: 10/10
  6617 | D:8      | Found a glowing silver altar of Zin.
  7006 | D:8      | Reached skill level 10 in Axes
  7515 | D:9      | Found a snail-covered altar of Cheibriados.
  7566 | D:9      | Noticed Prince Ribbit
  7601 | D:9      | Killed Prince Ribbit
  7622 | D:9      | Found a shadowy altar of Dithmenos.
  7708 | D:9      | Noticed Amaemon
  7710 | D:9      | Noticed an orange demon
  7739 | D:9      | Killed Amaemon
  7762 | D:9      | Killed an orange demon
  7955 | D:9      | Reached XP level 11. HP: 68/68 MP: 11/11
  8052 | D:9      | Noticed a two-headed ogre
  8054 | D:9      | Found a radiant altar of Vehumet.
  8069 | D:9      | Killed a two-headed ogre
  8251 | D:10     | Entered Level 10 of the Dungeon
  8379 | D:10     | Found an ornate altar of the Wu Jian Council.
  8411 | D:10     | Noticed a two-headed ogre
  8416 | D:10     | Killed a two-headed ogre
  8417 | D:10     | Reached skill level 5 in Dodging
  8789 | D:10     | Noticed a death yak
  8789 | D:10     | Noticed a death yak
  8808 | D:10     | Killed a death yak
  8812 | D:10     | Noticed a death yak
  8817 | D:10     | Noticed a death yak
  8818 | D:10     | Noticed a death yak
  8883 | D:10     | Found a staircase to the Lair.
  8897 | D:10     | Killed a death yak
  8902 | D:10     | Killed a death yak
  8913 | D:10     | Killed a death yak
  8915 | D:10     | Killed a death yak
  8916 | D:10     | Reached skill level 10 in Armour
  9074 | D:10     | Found a sparkling altar of Nemelex Xobeh.
  9189 | Lair:1   | Entered Level 1 of the Lair of Beasts
  9587 | Lair:1   | Reached XP level 12. HP: 75/77 MP: 12/12
  9724 | Lair:1   | Reached skill level 10 in Fighting
 10219 | Lair:2   | Found a staircase to the Swamp.
 10366 | Lair:2   | Found a hole to the Spider Nest.
 10404 | Lair:2   | Noticed a seven-headed hydra
 10411 | Lair:2   | Killed a seven-headed hydra
 11587 | Lair:3   | Noticed a four-headed hydra
 11601 | Lair:3   | Killed a four-headed hydra
 11747 | Lair:4   | Reached skill level 1 in Polearms
 11769 | Lair:4   | Noticed a five-headed hydra
 11785 | Lair:4   | Killed a five-headed hydra
 11786 | Lair:4   | Reached XP level 13. HP: 73/84 MP: 13/13
 11974 | Lair:4   | Identified the +0 quarterstaff "Vein" {protect, rElec rF-
                  | Str+7 Dex-4}
 12780 | Lair:5   | Entered Level 5 of the Lair of Beasts
 13007 | Lair:5   | Noticed Sonja
 13034 | Lair:5   | Killed Sonja
 13149 | Lair:5   | Reached skill level 5 in Stealth
 13204 | Lair:5   | Gained mutation: Your large and strong wings let you fly.
                  | [Gargoyle growth]
 13204 | Lair:5   | Reached XP level 14. HP: 70/92 MP: 14/14
 13314 | Lair:5   | Reached skill level 1 in Throwing
 13373 | Lair:5   | Reached skill level 1 in Long Blades
 13829 | Lair:5   | Found a viscous altar of Jiyva.
 13833 | Lair:5   | Found a staircase to the Slime Pits.
 14698 | D:11     | Found a staircase to the Orcish Mines.
 15226 | D:11     | Noticed Lodul
 15239 | D:11     | Killed Lodul
 15450 | D:12     | Reached ***** piety under Trog
 16044 | D:13     | Noticed Rupert
 16044 | D:13     | Found a transporter.
 16045 | D:13     | Found a transporter.
 16056 | D:13     | Noticed Josephine
 16063 | D:13     | Killed Rupert
 16076 | D:13     | Killed Josephine
 16139 | D:13     | Noticed Maurice
 16169 | D:13     | Reached XP level 15. HP: 90/101 MP: 15/15
 16169 | D:13     | Killed Maurice
 16170 | D:13     | Reached skill level 15 in Axes
 16221 | D:13     | Noticed Ulid's ghost (journeyman DsFE)
 16229 | D:12     | Reached XP level 16. HP: 88/107 MP: 16/16
 16299 | D:13     | Reached skill level 10 in Dodging
 16331 | D:13     | Found a gate to the Vaults.
 16420 | D:13     | Noticed Kirke
 16441 | D:13     | Killed Kirke
 16469 | D:13     | Found a white marble altar of Elyvilon.
 16804 | D:14     | Reached skill level 15 in Fighting
 16819 | Abyss:3  | Cast into level 3 of the Abyss (a wizard)
 16857 | Abyss:3  | Noticed an ancient lich
 16887 | Abyss:3  | Killed from afar by an ancient lich

Illustrated notes

Levels and vault maps discovered:
D:1:      shiori_shiawase, layout_rooms, nicolae_grassy_gnolls
D:2:      layout_basic, dilly_ecumenical_altar_fadedgnrine
D:3:      layout_basic, cheibrodos_sewer_entry_bend, uniq_sigmund
D:4:      layout_cave_pools
D:5:      layout_loops_corners, nicolae_qazlal_beasts_of_the_sky,
          mainiacjoe_overflow_paths, uniq_pikel
D:6:      layout_loops_cross, minmay_temple_entry_butterflies,
          nicolae_figureground_pulse
D:7:      layout_loops_corners, minmay_misc_feat_columns,
          nicolae_figureground_sparkle
D:8:      layout_basic, old_standard_altar
D:9:      layout_rooms, mainiacjoe_overflow_boulevard,
          nicolae_dithmenos_the_darkroom, mainiacjoe_overflow_brackets,
          minmay_nine_imps, uniq_amaemon, uniq_prince_ribbit1
D:10:     nicolae_cairo_tiling_large_dashed, layout_cave_pods,
          nicolae_wu_jian_immortal_techniques, nemelex_diamond_rough_becter,
          dpeg_lair_monsters
D:11:     layout_basic, zombieorc2_lemuel, uniq_lodul
D:12:     layout_rooms
D:13:     layout_big_octagon, david_vaults_2, gammafunk_ghost_hive,
          elyvilon_altar_4, uniq_josephine, uniq_kirke, uniq_maurice,
          uniq_rupert
D:14:     layout_loops_ring, trove_entry_hex_spiral, drop_trap, uniq_jorgrun,
          uniq_agnes
Lair:1:   layout_gridlike
Lair:2:   layout_roguey, minmay_swamp_entry_swarm,
          nicolae_spider_entry_non_spiders
Lair:3:   layout_regular_city
Lair:4:   beast_lair_carwin_large_3, layout_cave_pods, grunt_megastairs_4,
          infiniplex_staircase_pool_2
Lair:5:   minmay_lair_end_enchanted_forest, layout_regular_city,
          minmay_slime_entry_oklob_open, grunt_forest_large_clearings,
          uniq_sonja
Abyss:3:  base: Lair:1, minivault_23, serial_sigils_hangedman_shear

Skill      XL: |  1  2  3  4  5  6  7  8  9 10 11 12 13 14 15 16 |
---------------+-------------------------------------------------+-----
Axes           | 3 4 5 6 7 9 10 12 13 14 15 | 15.3
Fighting       | 4 5 6 7 8 9 11 12 14 15 | 15.0
Dodging        | 2 3 4 5 6 7 9 10 | 10.1
Stealth        | 1 2 3 4 5 6 |  6.3
Armour         | 3 4 6 8 10 11 | 11.6
Polearms       | 1 2 |  2.9
Throwing       | 1 |  1.1
Long Blades    | 1 2 |  2.9

Action                     |  1- 3 |  4- 6 |  7- 9 | 10-12 | 13-15 | 16-18 || total
---------------------------+-------+-------+-------+-------+-------+-------++-------
  Melee: Hand axe          |    91 |   171 |   396 |   691 |   894 |   138 ||  2381
         Punch             |     1 |     4 |     4 |    12 |     8 |     1 ||    30
         Spear             |       |       |       |    27 |    23 |       ||    50
         Scimitar          |       |       |       |       |    27 |     5 ||    32
  Throw: Dart              |       |       |       |     5 |     8 |     1 ||    14
 Invoke: Berserk           |     2 |     4 |     8 |    10 |    11 |     2 ||    37
         Trog's Hand       |       |     1 |     4 |     9 |    10 |     3 ||    27
         Brothers in Arms  |       |       |       |     3 |     4 |     1 ||     8
    Use: Scroll            |     1 |     1 |    16 |    11 |     7 |     2 ||    38
         Potion            |       |       |     3 |       |     4 |     1 ||     8
   Stab: Sleeping          |     2 |     2 |     1 |     5 |     5 |       ||    15
         Distracted        |       |       |       |       |     1 |       ||     1
 Armour: Animal skin       |    40 |     9 |       |       |       |       ||    49
         Leather armour    |       |   127 |    77 |       |       |       ||   204
         Chain mail        |       |       |   175 |   268 |       |       ||   443
         Acid dragon scale |       |       |       |   219 |   585 |   114 ||   918
  Dodge: Dodged            |    86 |   174 |   232 |   463 |   731 |   128 ||  1814

Table legend: (Time is in decaauts)
 A = Elapsed time spent in this place.
 B = Non-inter-level travel time spent in this place.
 C = Inter-level travel time spent in this place.
 D = Time resting spent in this place.
 E = Time spent auto-exploring this place.
 F = Levels seen in this place.
 G = Mean time per level.
                   A        B        C        D        E       F      G
               +--------+--------+--------+--------+--------+-----+--------+
         Total |  16586 |  15885 |    701 |    449 |  11068 |  21 |  789.8 |
       Dungeon |  10918 |  10484 |    434 |    123 |   7555 |  14 |  779.9 |
          Lair |   5207 |   4941 |    266 |    275 |   3326 |   5 | 1041.4 |
         Abyss |     52 |     52 |      0 |      0 |     31 |   1 |   52.0 |
         Sewer |    408 |    408 |      0 |     51 |    155 |   1 |  408.0 |
               +--------+--------+--------+--------+--------+-----+--------+

Top non-repeatable levels by time:
  Lair:5: 1514 daAuts
     D:5: 1312 daAuts
     D:8: 1239 daAuts
  Lair:4: 1161 daAuts
     D:3: 1011 daAuts
  Lair:2: 943 daAuts
    D:10: 941 daAuts
     D:7: 924 daAuts
  Lair:3: 837 daAuts
     D:6: 818 daAuts
  Lair:1: 750 daAuts
    D:11: 729 daAuts
     D:9: 724 daAuts
     D:2: 682 daAuts
     D:4: 665 daAuts
